 Dungeon Crawl Stone Soup version 0.25.0-1-g7eea58d2a3 (webtiles) character file.

Game seed: 8352335214851568654

12011 Esekla the Thaumaturge (level 11, -4/69 HPs)
             Began as an Octopode Wizard on June 13, 2020.
             Was an Initiate of Gozag.
             Slain by an ice beast (14 damage)
             ... in an ice cave.
             The game lasted 01:59:37 (15603 turns).

Esekla the Thaumaturge (Octopode Wizard)           Turns: 15603, Time: 01:59:37

Health: -4/69      AC:  8    Str: 10    XL:     11   Next: 86%
Magic:  1/24       EV: 15    Int: 22    God:    Gozag
Gold:   970        SH:  0    Dex:  9    Spells: 10/28 levels left

rFire    . . .     SeeInvis .   h - +1 falchion (holy)
rCold    . . .     Gourm    .   (no shield)
rNeg     . . .     Faith    .   e - +0 hat
rPois    .         Spirit   .   (no amulet)
rElec    .         Reflect  .   (no ring)
rCorr    .         Harm     .   (no ring)
MR       .....                  (no ring)
Stlth    +++.......             (no ring)
HPRegen  0.21/turn              (no ring)
MPRegen  0.19/turn              (no ring)
                                (no ring)
                                (no ring)

@: mighty, icy armour, gold aura, hasted, invisible, very quick
A: almost no armour, stealthy swim, amphibious, 8 rings, constrict 8, camouflage
1, clumsy 1, sense surroundings 1, strong 1, gelatinous body 1
a: Potion Petition, Call Merchant, Bribe Branch, Renounce Religion


You were in an ice cave.
You worshipped Gozag.
Gozag was pleased with you.
You were not hungry.

You visited 2 branches of the dungeon, and saw 12 of its levels.
You also visited: Bailey and Ice Cave.

You collected 2167 gold pieces.
You spent 564 gold pieces at shops.
You paid 633 gold pieces to Gozag.

Inventory:

Hand Weapons
 h - a +1 falchion of holy wrath (weapon)
 t - the +5 trident of Qenohotorr {vorpal, rElec Int+7 SInv}
   (You bought it in a shop on level 8 of the Dungeon)

   It inflicts extra damage upon your enemies.
   It affects your intelligence (+7).
   It insulates you from electricity.
   It lets you see invisible.
 v - a +2 dagger of venom
 w - a +1 dagger of holy wrath
Missiles
 k - 18 poisoned darts
 B - 6 javelins
 D - 3 boomerangs (quivered)
Armour
 e - a +0 hat (worn)
 p - a +0 buckler
Magical Staves
 C - an uncursed staff of wizardry
Wands
 m - a wand of acid (4)
 r - a wand of iceblast (4)
 E - a wand of disintegration (23)
 F - a wand of digging (9)
Scrolls
 b - 2 scrolls of enchant armour {unknown}
 d - 3 scrolls of teleportation
 f - a scroll of fear
 i - a scroll of blinking
 j - 7 scrolls of remove curse
 o - 3 scrolls of magic mapping
 q - 4 scrolls of identify
 x - a scroll of vulnerability {unknown}
Potions
 a - 4 potions of flight
 g - a potion of brilliance
 l - a potion of cancellation {unknown}
 n - a potion of haste
 s - 4 potions of curing
 A - a potion of invisibility
Miscellaneous
 y - a lightning rod (4/4)
Comestibles
 c - 7 rations


   Skills:
 + Level 4.1 Fighting
 + Level 1.6(3.5) Short Blades
 + Level 4.9(5.1) Long Blades
 + Level 0.4 Polearms
 + Level 5.6 Dodging
 - Level 4.1 Stealth
 * Level 9.4 Spellcasting
 + Level 2.6 Conjurations
 + Level 4.3 Charms
   Level 1.0 Summonings
 * Level 4.7 Necromancy
 + Level 3.8 Translocations
 * Level 3.0 Fire Magic
 * Level 6.2 Ice Magic
 * Level 5.8 Air Magic
 + Level 4.8 Poison Magic
 + Level 0.3 Evocations


You had 10 spell levels left.
You knew the following spells:

 Your Spells              Type           Power        Failure   Level  Hunger
a - Ozocubu's Armour      Chrm/Ice       ####....     2%          3    None
b - Blink                 Tloc           N/A          1%          2    None
c - Mephitic Cloud        Conj/Pois/Air  ####....     3%          3    None
d - Magic Dart            Conj           ###.         2%          1    None
f - Conjure Flame         Conj/Fire      ###.....     6%          3    None
r - Frozen Ramparts       Ice            #####.       1%          3    None
v - Vampiric Draining     Necr           ####......   2%          3    None

Your spell library contained the following spells:

 Spells                   Type           Power        Failure   Level  Hunger
 Animate Skeleton         Necr           N/A          1%          1    None
 Freeze                   Ice            ####         1%          1    None
 Pain                     Necr           ####         1%          1    None
 Call Imp                 Summ           ##......     6%          2    None
 Slow                     Hex            ##......     10%         2    None
 Animate Dead             Necr           N/A          10%         4    ##.....
 Hailstorm                Conj/Ice       ####....     11%         4    ##.....
 Summon Ice Beast         Ice/Summ       ####....     14%         4    ##.....
 Agony                    Necr           ####....     26%         5    ####...


Dungeon Overview and Level Annotations

Branches:
Dungeon (11/15)            Temple (1/1) D:6            Lair (0/6) D:11
 Bailey (visited)           IceCv (1/1)
    Orc: D:9-12

Altars:
Elyvilon
Fedhas
Gozag
Hepliaklqana
Kikubaaqudgha
Nemelex Xobeh
Qazlal
Trog
Vehumet
Xom
Yredelemnul
Zin

Shops:
D:7 :   D:8 (   D:11 *

Annotations:
D:11 1 runed translucent door


Innate Abilities, Weirdness & Mutations

You cannot wear most types of armour.
You are very stealthy in the water. (Stealth+)
You are amphibious.
You can wear up to eight rings at the same time.
You can use your tentacles to constrict eight enemies at once.
Your skin changes colour to match your surroundings (Stealth+).
Your rubbery body absorbs attacks. (AC +1, EV +1)
You are clumsy. (Dex -2)
You passively map a small area around you.
Your muscles are strong. (Str +2)


Message History

You closely miss the ice beast.
The ice beast is heavily wounded.
The ice beast closely misses you.
You riposte.
You barely miss the ice beast. The ice beast hits you.
The ice beast freezes you!
The ice beast hits you but does no damage.
You slash the ice beast!
You kill the ice beast!
Your Fire Magic skill increases to level 3!
The ice beast closely misses you.
You barely miss the ice beast.
The ice beast is moderately wounded.
The ice beast hits you. The ice beast freezes you!
* * * LOW HITPOINT WARNING * * *
It was a potion of invisibility.
You fade into invisibility!
The ice beast hits you.
* * * LOW HITPOINT WARNING * * *
The ice beast freezes you!
You die...
Your body crumbles into a pile of gold.

#...#*
...##
#...#
##...##
##.....##
#...∩...#
#.......#
##..YY$##
##..@##
#####


You could see 2 ice beasts.

Vanquished Creatures
  Fannar (D:10)
  Erolcha (D:9)
  Harold (D:8)
  A two-headed ogre (D:11)
  Pikel (D:5)
  An ugly thing (D:11)
  Maurice (D:9)
  Joseph (D:10)
  Psyche (D:11)
  2 trolls
  Grinder (D:5)
  A human (D:7)
  A vampire (D:10)
  4 hogs (D:7)
  2 hungry ghosts
  Edmund (D:5)
  A steam dragon (D:8)
  2 water moccasins
  5 ice beasts
  9 orc warriors
  7 sky beasts
  A necrophage (D:10)
  3 wolves (D:11)
  4 ogres
  2 phantoms
  5 centaurs
  2 big kobolds
  A gnoll sergeant (D:11)
  4 bullfrogs
  2 scorpions
  2 wights (D:4)
  An electric eel (D:11)
  2 crimson imps
  A centaur zombie (D:5)
  2 howler monkeys
  2 quasits (D:9)
  4 orc priests
  2 jellies (D:8)
  11 hounds
  7 orc wizards
  2 bullfrog skeletons
  3 iguanas
  4 worker ants
  A hound skeleton (D:4)
  Robin (D:3)
  2 gnolls (D:11)
  A howler monkey skeleton (D:4)
  13 river rats (D:6)
  9 adders
  2 oozes
  An adder skeleton (D:8)
  An adder zombie (D:9)
  A worm (D:2)
  2 dart slugs
  8 leopard geckos
  33 orcs
  8 giant cockroaches
  23 goblins
  5 hobgoblins
  18 jackals
  21 kobolds
  12 quokkas
  2 ball pythons
  9 bats
  9 frilled lizards
  A jackal skeleton (D:4)
  A quokka zombie (D:7)
  21 rats
317 creatures vanquished.

Notes
Turn   | Place    | Note
-------+----------+-------------------------------------------
     0 | D:1      | Esekla the Octopode Wizard began the quest for the Orb.
     0 | D:1      | Reached XP level 1. HP: 11/11 MP: 4/4
   230 | D:1      | Reached XP level 2. HP: 17/17 MP: 6/6
  1041 | D:1      | Reached XP level 3. HP: 22/22 MP: 8/8
  1362 | D:1      | Learned a level 2 spell: Blink
  1366 | D:1      | Learned a level 3 spell: Mephitic Cloud
  1370 | D:1      | Learned a level 3 spell: Conjure Flame
  1635 | D:2      | Gained mutation: You are dopey. (Int -2) [potion of
                  | mutation]
  1635 | D:2      | Gained mutation: Your muscles are strong. (Str +2) [potion
                  | of mutation]
  1635 | D:2      | Gained mutation: Your body sometimes deteriorates upon
                  | taking damage. [potion of mutation]
  1635 | D:2      | Gained mutation: One of your tentacles bears a spike.
                  | [potion of mutation]
  1951 | D:2      | Reached skill level 1 in Fighting
  2075 | D:2      | Reached XP level 4. HP: 28/28 MP: 9/9
  3348 | D:3      | Reached skill level 4 in Spellcasting
  3497 | D:3      | Reached XP level 5. HP: 33/33 MP: 8/11
  3540 | D:3      | Reached skill level 1 in Short Blades
  3771 | D:3      | Identified the +5 helmet of New Discoveries {+Fly rC+ Str+3
                  | Dex-5}
  3771 | D:3      | Noticed Robin
  3785 | D:3      | Killed Robin
  3793 | D:3      | Reached skill level 1 in Poison Magic
  4129 | D:3      | Found an ancient bone altar of Kikubaaqudgha.
  4843 | D:4      | Reached skill level 1 in Long Blades
  4843 | D:4      | Reached skill level 1 in Air Magic
  4843 | D:4      | Reached XP level 6. HP: 27/39 MP: 6/12
  5398 | D:5      | Entered Level 5 of the Dungeon
  5398 | D:5      | Noticed a slave
  5398 | D:5      | Noticed a slave
  5399 | D:5      | Noticed a slave
  5400 | D:5      | Noticed Pikel
  5400 | D:5      | Noticed Grinder
  5404 | D:5      | Noticed a phantom
  5409 | D:5      | Noticed a slave
  5410 | D:5      | Paralysed by Grinder for 3 turns
  5741 | D:6      | Learned a level 3 spell: Ozocubu's Armour
  5758 | D:6      | Reached skill level 1 in Charms
  5758 | D:6      | Reached XP level 7. HP: 42/45 MP: 13/13
  5800 | D:5      | Lost mutation: You are dopey. (Int -2) [potion of mutation]
  5800 | D:5      | Lost mutation: One of your tentacles bears a spike. [potion
                  | of mutation]
  5800 | D:5      | Lost mutation: Your body sometimes deteriorates upon taking
                  | damage. [potion of mutation]
  5800 | D:5      | Gained mutation: You are clumsy. (Dex -2) [potion of
                  | mutation]
  5800 | D:5      | Gained mutation: You passively map a small area around you.
                  | [potion of mutation]
  5866 | D:5      | Killed Grinder
  5866 | D:5      | HP: 2/45 [poisoned by an adder]
  5874 | D:5      | HP: 1/45 [poisoned by an adder]
  6193 | D:5      | Learned a level 3 spell: Frozen Ramparts
  6193 | D:5      | Noticed Edmund
  6203 | D:5      | Killed Edmund
  6203 | D:5      | Reached skill level 1 in Ice Magic
  6348 | D:5      | Killed Pikel
  6348 | D:5      | Reached skill level 5 in Spellcasting
  6348 | D:5      | Reached XP level 8. HP: 40/51 MP: 9/15
  6426 | D:5      | Found a glowing silver altar of Zin.
  6505 | D:5      | Found a bloodstained altar of Trog.
  7369 | D:6      | Found an opulent altar of Gozag.
  7377 | D:6      | Became a worshipper of Gozag Ym Sagoz the Greedy
  8068 | D:6      | Reached XP level 9. HP: 53/56 MP: 13/17
  8140 | D:6      | Found a staircase to the Ecumenical Temple.
  8149 | Temple   | Entered the Ecumenical Temple
  8937 | D:7      | Found Gus Veah's Book Shop.
  9476 | D:7      | Reached skill level 6 in Spellcasting
 10100 | D:7      | Bought a book of Necromancy for 360 gold pieces
 10104 | D:7      | Learned a level 3 spell: Vampiric Draining
 10739 | D:8      | Reached skill level 5 in Dodging
 10739 | D:8      | Reached skill level 1 in Necromancy
 10739 | D:8      | Reached XP level 10. HP: 18/63 MP: 5/19
 11154 | D:8      | Found a stormy altar of Qazlal.
 11416 | D:8      | Noticed Harold
 11422 | D:9      | Noticed Erolcha
 11446 | D:9      | Noticed Maurice
 11465 | D:9      | Killed Maurice
 11465 | D:9      | Reached skill level 7 in Spellcasting
 11486 | D:9      | Killed Erolcha
 11922 | D:9      | Found a white marble altar of Elyvilon.
 12006 | D:9      | Found a basalt altar of Yredelemnul.
 12008 | D:9      | Found a blossoming altar of Fedhas.
 12030 | D:9      | Reached skill level 5 in Ice Magic
 12542 | D:8      | Bought an ichor-stained trident for 204 gold pieces
 12543 | D:8      | Identified the +5 trident of Qenohotorr {vorpal, rElec
                  | Int+7 SInv} (You bought it in a shop on level 8 of the
                  | Dungeon)
 12636 | D:8      | Killed Harold
 12636 | D:8      | Reached skill level 8 in Spellcasting
 12636 | D:8      | Reached skill level 1 in Fire Magic
 12812 | D:10     | Entered Level 10 of the Dungeon
 12818 | D:10     | Reached XP level 11. HP: 68/68 MP: 23/23
 12853 | D:10     | Found a flagged portal.
 12936 | Bailey   | Entered a bailey
 12985 | Bailey   | Reached skill level 5 in Air Magic
 14545 | D:10     | Noticed Joseph
 14552 | D:10     | Killed Joseph
 14566 | D:10     | Noticed Fannar
 14788 | D:10     | Killed Fannar
 14788 | D:10     | Reached skill level 9 in Spellcasting
 15047 | D:11     | Noticed a cyan ugly thing
 15053 | D:11     | Noticed Psyche
 15062 | D:11     | Killed Psyche
 15068 | D:11     | Noticed a white ugly thing
 15072 | D:11     | Killed a white ugly thing
 15086 | D:11     | Noticed a two-headed ogre
 15094 | D:11     | Found a staircase to the Lair.
 15108 | D:11     | Killed a two-headed ogre
 15164 | D:11     | Found Lisch's General Store.
 15310 | D:11     | Found a frozen archway.
 15329 | D:11     | HP: 2/69 [ice beast (12)]
 15493 | D:11     | Found a runed translucent door.
 15587 | IceCv    | Entered an ice cave
 15603 | IceCv    | Slain by an ice beast

Illustrated notes

Levels and vault maps discovered:
D:1:      doesnt_arrival_eight_statues, layout_basic, st_stairs_1,
          minmay_misc_feat_five
D:2:      minmay_skewed_foursquare, layout_loops_ring, grunt_ministairs_6
D:3:      layout_basic, lemuel_doored_altar, first_ration, uniq_robin
D:4:      layout_loops_cross
D:5:      layout_rooms, zin_academy, trog_butcher_becter, uniq_grinder,
          uniq_pikel, uniq_edmund
D:6:      lemuel_ratsnest, layout_basic, minmay_temple_entry_mist,
          minmay_fountain_box, minmay_misc_feat_ornament,
          nicolae_gozag_seed_capital
D:7:      layout_basic, serial_shops, shop, grunt_livestock
D:8:      layout_gridville, nicolae_qazlal_eye_of_the_storm, uniq_harold
D:9:      layout_basic, nicolae_overflow_hidden_temple, uniq_erolcha,
          uniq_maurice
D:10:     layout_roguey, enter_bailey_3, uniq_fannar, uniq_joseph
D:11:     layout_cave_pools, erik_lair_island, portal_ice_cave_entry_ice_beasts,
          serial_shops, kennysheep_little_box,
          chequers_guarded_unrand_ignorance, uniq_psyche
Temple:   eino_temple_rhombus
IceCv:    ice_cave_small_dragons

Skill      XL: |  1  2  3  4  5  6  7  8  9 10 11 |
---------------+----------------------------------+-----
Fighting       | 1 2 3 4 |  4.1
Spellcasting   | 4 5 6 8 9 |  9.4
Short Blades   | 1 |  1.6
Poison Magic   | 1 3 4 |  4.8
Long Blades    | 1 2 3 4 |  4.9
Translocations | 2 3 |  3.8
Air Magic      | 1 2 3 4 5 |  5.8
Charms         | 1 2 3 4 |  4.3
Dodging        | 3 4 5 |  5.6
Ice Magic      | 1 2 3 5 6 |  6.2
Stealth        | 4 |  4.1
Necromancy     | 1 3 4 |  4.7
Conjurations   | 2 |  2.6
Fire Magic     | 1 3 |  3.0
Polearms       | |  0.4
Summonings     | |  1.0
Evocations     | |  0.3

Action                   |  1- 3 |  4- 6 |  7- 9 | 10-12 || total
-------------------------+-------+-------+-------+-------++-------
Melee: Short sword       |    56 |    48 |     1 |       ||   105
       Constrict         |     9 |    40 |    37 |    44 ||   130
       Tentacles         |     8 |    18 |    35 |    41 ||   102
       Kick              |     2 |    29 |       |       ||    31
       Scimitar          |       |    96 |   165 |    30 ||   291
       Dagger            |       |       |    16 |    55 ||    71
       Falchion          |       |       |       |   131 ||   131
       Trident           |       |       |       |    27 ||    27
Throw: Dart              |     2 |     5 |    61 |    60 ||   128
       Boomerang         |       |       |       |     1 ||     1
 Cast: Magic Dart        |    20 |    37 |    36 |    19 ||   112
       Mephitic Cloud    |       |     2 |     7 |    18 ||    27
       Blink             |       |     4 |     3 |    10 ||    17
       Ozocubu's Armour  |       |       |    21 |    31 ||    52
       Frozen Ramparts   |       |       |    17 |    34 ||    51
       Vampiric Draining |       |       |     1 |    26 ||    27
       Conjure Flame     |       |       |       |     2 ||     2
Invok: Call Merchant     |       |       |       |     1 ||     1
Evoke: Wand              |       |       |     2 |     4 ||     6
  Use: Potion            |     2 |     6 |     1 |     5 ||    14
       Scroll            |       |     5 |     7 |     5 ||    17
 Stab: Sleeping          |     6 |    13 |     5 |    12 ||    36
       Distracted        |       |     1 |       |     1 ||     2
       Confused          |       |       |     1 |     2 ||     3
  Eat: Ration            |     1 |     1 |     5 |     8 ||    15
       Chunk             |       |     7 |     3 |       ||    10
Armor: Skin              |     9 |    68 |    44 |    53 ||   174
Dodge: Dodged            |    30 |   110 |   121 |   188 ||   449
       Rpst.: Scimitar   |       |    19 |    50 |     7 ||    76
       Falchion          |       |       |       |    29 ||    29
